 Dungeon Crawl Stone Soup version 0.30-a0-374-g95c0257040 (webtiles) character file.

Game seed: 12459099866446688221

3033 Essalna the Zephyrmancer (level 9, -4/58 HPs)
             Began as a Tengu Air Elementalist on Nov 25, 2022.
             Was an Initiate of Vehumet.
             Slain by a killer bee (7 damage)
             ... on level 8 of the Dungeon.
             The game lasted 00:10:46 (9139 turns).

Essalna the Zephyrmancer (Tengu Air Elementalist)   Turns: 9139, Time: 00:10:47

Health: -4/58      AC:  3    Str:  8    XL:     9   Next: 86%
Magic:  7/13       EV: 14    Int: 21    God:    Vehumet [......]
Gold:   371        SH:  0    Dex: 14    Spells: 2/12 levels left

rFire   . . .      SeeInvis .    t - +1 dagger (elec)
rCold   . . .      Faith    .    (no shield)
rNeg    . . .      Spirit   .    r - +1 robe {Archmagi}
rPois   .          Reflect  .    (helmet restricted)
rElec   .          Harm     .    (no cloak)
rCorr   .          Rampage  .    (no gloves)
Will    .....      Archmagi +    (boots unavailable)
Stlth   ++........               (no amulet)
HPRegen 0.29/turn                (no ring)
MPRegen 0.13/turn                (no ring)

@: flying quickly and evasively, quick
A: beak, talons 3, nimble flight
a: Renounce Religion


You were on level 8 of the Dungeon.
You worshipped Vehumet.
Vehumet was noncommittal.
You visited 2 branches of the dungeon, and saw 9 of its levels.

You collected 371 gold pieces.

Inventory:

Hand Weapons
 l - a +0 dagger
 t - a +1 dagger of electrocution (weapon)
 v - a +1 whip of electrocution
Missiles
 s - a throwing net
Armour
 a - a +0 robe
 c - a +0 pair of gloves
 r - a +1 robe of the Archmagi (worn)
 C - a +0 leather armour of poison resistance
Scrolls
 e - 4 scrolls of identify
 f - 5 scrolls of poison {unknown}
 i - 4 scrolls of teleportation {unknown}
 m - 2 scrolls of noise {unknown}
 n - 2 scrolls of immolation {unknown}
 p - 2 scrolls of blinking {unknown}
 q - 4 scrolls of enchant weapon
 w - 2 scrolls of brand weapon {unknown}
 x - a scroll of magic mapping {unknown}
 y - a scroll of enchant armour {unknown}
Potions
 b - 4 potions of magic
 d - 3 potions of haste {unknown}
 g - a potion of flight {unknown}
 h - a potion of lignification {unknown}
 j - 2 potions of invisibility {unknown}
 k - a potion of mutation {unknown}
 o - 3 potions of attraction {unknown}
 u - a potion of heal wounds {unknown}
 z - 2 potions of curing {unknown}
 A - 4 potions of cancellation {unknown}
 B - a potion of might {unknown}
 D - a potion of resistance {unknown}


   Skills:
 + Level 7.6 Fighting
 - Level 2.1 Dodging
 - Level 2.0 Stealth
 - Level 2.0 Spellcasting
 + Level 10.1 Conjurations
 + Level 10.8 Air Magic


You had 2 spell levels left.
You knew the following spells:

 Your Spells              Type           Power      Damage    Failure   Level
a - Shock                 Conj/Air       100%       1d9       1%          1
b - Static Discharge      Conj/Air       100%       2-7/arc   1%          2
c - Swiftness             Air            64%        N/A       1%          3
d - Airstrike             Air            32%        2d(5-21)  1%          4

Your spell library contained the following spells:

 Spells                   Type           Power      Damage    Failure   Level
 Kiss of Death            Conj/Necr      100%       2d13      1%          1
 Momentum Strike          Conj/Tloc      70%        3d9       2%          2
 Blink                    Tloc           6%         N/A       22%         2
 Hailstorm                Conj/Ice       35%        3d9       5%          3
 Confusing Touch          Hex            3%         N/A       41%         3
 Lesser Beckoning         Tloc           6%         N/A       41%         3
 Dispel Undead            Necr           3%         3d7       82%         4
 Ice Form                 Ice/Tmut       3%         N/A       82%         4
 Simulacrum               Ice/Necr       1%         N/A       100%        6


Dungeon Overview and Level Annotations

Branches:
Dungeon (8/15)             Temple (1/1) D:7
   Lair: D:8-11

Altars:
Fedhas
Hepliaklqana
Kikubaaqudgha
Nemelex Xobeh
Okawaru
Qazlal
Ru
Uskayaw
Vehumet
Wu Jian
Xom
Yredelemnul
Zin
The Shining One

Shops:
D:4 *   D:5 [


Innate Abilities, Weirdness & Mutations

You have a beak for a mouth.
You have claws for feet.
Your magical nature lets you fly swiftly and evasively.


Message History

You kill the gnoll bouda!
Vehumet accepts your kill.
You are struck by an arc of lightning.
The killer bee is struck by an arc of lightning.
The killer bee is heavily wounded.
You are struck by an arc of lightning.
The gnoll is struck by an arc of lightning.
You kill the gnoll!
Vehumet accepts your kill.
The lightning grounds out.
The killer bee closely misses you. The gnoll misses you.
The killer bee closely misses you.
Casting: Static Discharge (safe; 1% risk of failure)
Confirm with . or Enter, or press ? or * to list all spells.
You feel a surge of power!
The killer bee is struck by an arc of lightning.
The killer bee is severely wounded.
You are struck by an arc of lightning.
The killer bee is struck by an arc of lightning.
The killer bee is almost dead.
You are struck by an arc of lightning.
* * * LOW HITPOINT WARNING * * *
The killer bee is struck by an arc of lightning.
You kill the killer bee!
Vehumet accepts your kill.
The lightning grounds out.
The gnoll closely misses you. The killer bee stings you.
* * * LOW HITPOINT WARNING * * *
Casting: Static Discharge (safe; 1% risk of failure)
Confirm with . or Enter, or press ? or * to list all spells.
You feel a surge of power!
The killer bee is struck by an arc of lightning.
The killer bee is moderately wounded.
You are struck by an arc of lightning.
* * * LOW HITPOINT WARNING * * *
The killer bee is struck by an arc of lightning.
The killer bee is heavily wounded.
You are struck by an arc of lightning.
* * * LOW HITPOINT WARNING * * *
The lightning grounds out.
The killer bee stings you!
You die...

.. ##### #. #...#
#. ##...##
####.##.....###
.............#
#..#.....#
#.#.#..#.†)..##.#
....$.....@)....#
.###......y..####
............g#
##.......#)###
..........<..
..).###...).)(
.... ##.#.....
... #.......


You could see a killer bee and a gnoll (swift).

Vanquished Creatures
  Pikel (D:7)
  A wraith (D:7)
  Sigmund (D:5)
  Eustachio (D:4)
  A wyvern (D:7)
  A water moccasin (D:7)
  A sky beast (D:7)
  2 ogres
  A centaur (D:7)
  3 lemures (D:7)
  A phantom (D:5)
  2 bullfrogs
  3 scorpions
  A necrophage (D:5)
  3 wights (D:7)
  4 killer bees
  2 hounds
  5 orc priests
  4 jellies (D:6)
  3 gnoll boudas
  2 iguanas
  An orc wizard (D:7)
  Robin (D:3)
  10 gnolls
  5 adders
  A white imp (D:7)
  4 ufetubi
  4 worms
  A dart slug (D:1)
  26 orcs
  7 bats
  8 endoplasms
  3 giant cockroaches
  21 goblins
  9 hobgoblins
  A jackal (D:3)
  9 kobolds
  2 quokkas
  3 ball pythons
  2 frilled lizards
  9 rats
170 creatures vanquished.

Notes
Turn   | Place    | Note
-------+----------+-------------------------------------------
     0 | D:1      | Essalna the Tengu Air Elementalist began the quest for the
                  | Orb.
     0 | D:1      | Reached XP level 1. HP: 10/10 MP: 4/4
   283 | D:1      | Reached XP level 2. HP: 16/16 MP: 3/6
   517 | D:1      | Reached skill level 1 in Fighting
   918 | D:2      | Learned a level 2 spell: Static Discharge
  1087 | D:2      | Found a sparkling altar of Nemelex Xobeh.
  1165 | D:2      | Reached XP level 3. HP: 20/20 MP: 0/7
  2226 | D:3      | Reached XP level 4. HP: 26/26 MP: 5/8
  2396 | D:3      | Reached skill level 5 in Air Magic
  2578 | D:3      | Noticed Robin
  2584 | D:3      | Killed Robin
  2757 | D:3      | Gained mutation: Your magical nature lets you fly swiftly
                  | and evasively. [Tengu growth]
  2757 | D:3      | Reached XP level 5. HP: 18/31 MP: 5/9
  3239 | D:4      | Reached XP level 6. HP: 29/37 MP: 1/10
  3540 | D:4      | Found Vohoved's General Store.
  3706 | D:4      | Reached skill level 5 in Conjurations
  4172 | D:4      | Noticed Eustachio
  4182 | D:4      | Killed Eustachio
  4183 | D:4      | Reached XP level 7. HP: 23/43 MP: 2/11
  4340 | D:4      | Learned a level 3 spell: Swiftness
  4345 | D:4      | Learned a level 4 spell: Airstrike
  4359 | D:4      | Found an iron altar of Okawaru.
  4446 | D:5      | Entered Level 5 of the Dungeon
  4904 | D:5      | Reached XP level 8. HP: 36/48 MP: 3/12
  4968 | D:5      | Found Udaaff's Armour Emporium.
  5089 | D:5      | Reached skill level 5 in Fighting
  5243 | D:5      | Noticed Sigmund
  5249 | D:5      | Killed Sigmund
  7192 | D:7      | Reached XP level 9. HP: 49/56 MP: 13/13
  7304 | D:7      | Found a staircase to the Ecumenical Temple.
  7310 | Temple   | Entered the Ecumenical Temple
  7494 | Temple   | Became a worshipper of Vehumet
  7582 | D:7      | Noticed Pikel
  7598 | D:7      | Killed Pikel
  7955 | D:7      | Reached skill level 10 in Air Magic
  8507 | D:7      | Found a stormy altar of Qazlal.
  8931 | D:8      | Reached skill level 10 in Conjurations
  9139 | D:8      | Slain by a killer bee

Illustrated notes

Levels and vault maps discovered:
D:1:      matt_arrival_refuge, layout_loops_ring
D:2:      layout_loops_ring, basic_altar, nicolae_wormholes
D:3:      layout_loops_ring, roderic_lattice_a, minivault_4, minmay_between,
          uniq_robin
D:4:      cheibrodos_greedy_goblins, layout_loops_cross, okawaru_gym_becter,
          serial_shops, nicolae_shop_window_shopping, uniq_eustachio
D:5:      layout_cave_pools, serial_shops, nicolae_inconvenience_store,
          kennysheep_big_empty_room, ebering_dispersal_statue_hall, uniq_sigmund
D:6:      layout_basic, serial_corexii_hall, corexii_hall_statues_deadend,
          corexii_hall_statues_l
D:7:      layout_loops_cross, lemuel_doored_altar, minmay_temple_entry_fiery,
          uniq_pikel
D:8:      layout_basic
Temple:   mainiacjoe_temple_cubbyholes

Skill      XL: |  1  2  3  4  5  6  7  8  9 |
---------------+----------------------------+-----
Conjurations   | 2 3 4 5 6 8 10 | 10.1
Fighting       | 1 2 3 4 6 7 |  7.6
Air Magic      | 5 6 7 9 10 | 10.8
Dodging        | |  2.1
Stealth        | |  2.0
Spellcasting   | |  2.0

Action                   |  1- 3 |  4- 6 |  7- 9 || total
-------------------------+-------+-------+-------++-------
Melee: Unarmed           |     4 |       |       ||     4
       Kick              |     3 |     1 |    12 ||    16
       Dagger            |       |     8 |    30 ||    38
       Peck              |       |     2 |     4 ||     6
 Cast: Shock             |    80 |    91 |   170 ||   341
       Static Discharge  |       |       |    28 ||    28
       Airstrike         |       |       |     3 ||     3
  Use: Scroll            |       |     1 |       ||     1
 Stab: Sleeping          |       |       |     1 ||     1
Armor: Robe              |     3 |     3 |    10 ||    16
Dodge: Dodged            |     9 |    14 |    61 ||    84

Table legend: (Time is in decaauts)
 A = Elapsed time spent in this place.
 B = Non-inter-level travel time spent in this place.
 C = Inter-level travel time spent in this place.
 D = Time resting spent in this place.
 E = Time spent auto-exploring this place.
 F = Levels seen in this place.
 G = Mean time per level.
                   A        B        C        D        E       F      G
               +--------+--------+--------+--------+--------+-----+--------+
         Total |   8811 |   8675 |    136 |    152 |   7677 |   9 |  979.0 |
       Dungeon |   8616 |   8507 |    109 |    152 |   7523 |   8 | 1077.0 |
        Temple |    194 |    168 |     26 |      0 |    154 |   1 |  194.0 |
               +--------+--------+--------+--------+--------+-----+--------+

Top non-repeatable levels by time:
     D:7: 1857 daAuts
     D:6: 1369 daAuts
     D:3: 1301 daAuts
     D:4: 1174 daAuts
     D:2: 979 daAuts
     D:5: 970 daAuts
     D:1: 893 daAuts
  Temple: 194 daAuts
     D:8: 69 daAuts
